 Dungeon Sprint DCSS version 0.30.0-29-ga12c61a403 (webtiles) character file.

Game seed: 7425978519042649006

43651 Groucho the End of an Era (level 13, -26/109 HPs)
             Began as a Demonspawn Fighter on June 25, 2023.
             Was the Champion of Qazlal.
             Killed from afar by an orb of fire (43 damage)
             ... with a fireball
             ... in the Dungeon (Sprint VII: "The Pits").
             The game lasted 00:17:59 (8198 turns).

Groucho the End of an Era (Demonspawn Fighter)      Turns: 8198, Time: 00:18:00

Health: -26/109    AC: 28    Str: 26    XL:     13   Next: 92%
Magic:  24/25      EV: 17    Int:  9    God:    Qazlal [******]
Gold:   58         SH: 27    Dex: 15    Spells: 12/12 levels left

rFire   + . .        u - +2 war axe of Ignis's Supremacy {vamp, rN+ Will+ Str+3}
rCold   + . .        H - +1 tower shield
rNeg    + . .        c - +3 shadow dragon scales
rPois   +            K - +1 hat
rElec   .            J - +1 cloak
rCorr   .            q - +0 pair of gloves
SInv    .            I - +3 pair of mountain boots {steadfast, rC+}
Will    +....        (no amulet)
Stlth   +            r - +3 ring of strength
HPRegen 0.38/turn    B - ring of protection from fire
MPRegen 0.19/turn

%: no teleportation, random rage (3%), repel missiles
@: mighty, agile, protected from fire
A: antennae 2, claws 2, ignite blood 1, powered by pain 1, weakness stinger 1,
iridescent scales 1, berserk 1, deformed body, frail 1, low MP 1, poison
resistance, heat vulnerability 1, devolution 1
a: Renounce Religion, Upheaval, Elemental Force, Disaster Area


You were in the Dungeon.
You worshipped Qazlal.
Qazlal was exalted by your worship.
You visited 1 branch You collected 58 gold pieces.

Inventory:

Hand Weapons
 a - a +2 heavy morningstar
 u - the +2 war axe of Ignis's Supremacy (weapon) {vamp, rN+ Will+ Str+3}
   (You found it in the Dungeon)

   Str:       It affects your strength (+3).
   rN:        It protects you from negative energy.
   Will:      It increases your willpower.
 C - the +9 demon blade "Idog" {vamp, rElec rPois Int-5 Stlth+}
   (You found it in the Dungeon)

   Int:       It affects your intelligence (-5).
   rElec:     It insulates you from electricity.
   rPois:     It protects you from poison.
   Stlth:     It makes you more stealthy.
 E - a +5 broad axe of flaming
 G - the +5 glaive of the Guard {elec, spectral, AC+5}
   (You found it in the Dungeon)

   AC:        It affects your AC (+5).
Armour
 c - +3 shadow dragon scales (worn)
 e - +2 gold dragon scales
 q - a +0 pair of gloves (worn)
 H - a +1 tower shield (worn)
 I - the +3 pair of mountain boots (worn) {steadfast, rC+}
   (You found it in the Dungeon)

   Steadfast: It prevents involuntary movement, except for blinking,
   teleportation, or banishment.
   rC:        It protects you from cold.
 J - a +1 cloak (worn)
 K - a +1 hat (worn)
Jewellery
 r - a +3 ring of strength (left hand)
 s - a +3 ring of evasion
 A - a ring of fire
 B - a ring of protection from fire (right hand)
 L - a ring of flight
Wands
 b - a wand of paralysis (18)
 k - a wand of iceblast (11)
 y - a wand of flame (18)
Scrolls
 j - 3 scrolls of blinking
 m - 5 scrolls of amnesia
 n - a scroll of butterflies
 o - 2 scrolls of identify
 v - 4 scrolls of enchant weapon
 w - 2 scrolls of fear
 x - a scroll of fog
 D - 2 scrolls of poison
Potions
 d - a potion of might
 f - 4 potions of heal wounds
 g - 5 potions of haste
 h - 4 potions of magic
 i - 6 potions of berserk rage
 l - 2 potions of invisibility
 p - 9 potions of curing
 t - a potion of resistance
 z - a potion of mutation
 F - a potion of flight


   Skills:
 * Level 17.8 Fighting
 * Level 16.3 Axes
 * Level 16.4 Armour
 + Level 10.4 Dodging
 + Level 13.1 Shields
 * Level 22.2 Invocations


You had 12 spell levels left.
You didn't know any spells.
Your spell library contained the following spells:

 Spells                   Type           Power      Damage    Failure   Level
 Cigotuvi's Dreadful Rot  Necr/Pois/Air  0%         N/A       99%         2
 Static Discharge         Conj/Air       0%         2-2/arc   99%         2
 Sublimation of Blood     Necr           0%         N/A       99%         2
 Mephitic Cloud           Conj/Pois/Air  0%         N/A       100%        3
 Vhi's Electric Charge    Tloc/Air       0%         N/A       100%        3
 Ice Form                 Ice/Tmut       0%         N/A       100%        4
 Petrify                  Tmut/Erth      0%         N/A       100%        4
 Irradiate                Conj/Tmut      0%         3d11      100%        5


Dungeon Overview and Level Annotations

Branches:
Dungeon (1/1)

Altars:
Ashenzari
Cheibriados
Dithmenos
Fedhas
Gozag
Hepliaklqana
Kikubaaqudgha
Makhleb
Nemelex Xobeh
Okawaru
Qazlal
Ru
Sif Muna
Trog
Uskayaw
Vehumet
Wu Jian
Xom
Yredelemnul
Jiyva
Lugonu


Innate Abilities, Weirdness & Mutations

You have a pair of antennae on your head.
You have very sharp fingernails.
Your demonic aura sometimes causes spilled blood to erupt in flames.
You sometimes gain a little power by taking damage.
You have a small tail.
You are partially covered in iridescent scales. (AC +2)
You sometimes lose your temper in combat.
Armour fits poorly on your strangely shaped body.
You are frail. (-10% HP)
Your magical capacity is low. (-10% MP)
Your system is resistant to poisons. (rPois)
You are vulnerable to heat. (rF-)
You have hidden genetic defects.


Message History

You feel your surroundings grow louder.
Unknown command.
Unknown command.
Unknown command.
Unknown command.
You hit the orb of fire but do no damage.
Your tail-slap misses the orb of fire.
The orb of fire is severely damaged.
Unknown command.
You barely miss the orb of fire.
Your tail-slap misses the orb of fire.
The orb of fire is severely damaged.
The orb of fire glows bright magenta.
Strange energies course through your body.
Unknown command.
Unknown command.
You closely miss the orb of fire.
Your tail-slap misses the orb of fire.
The orb of fire is severely damaged.
The orb of fire is no longer encased in ice.
You barely miss the orb of fire.
The orb of fire is severely damaged.
The orb of fire glows red.
Strange energies course through your body.
You feel a hidden malignance growing inside you.
The orb of fire glows yellow.
The bolt of fire hits you!! You resist.
* * * LOW HITPOINT WARNING * * *
Unknown command.
You feel much better.
The orb of fire glows bright magenta.
Strange energies course through your body.
You feel a little pissed off.
You feel much better.
The orb of fire emits a lurid red light.
The bolt of fire hits you!!! You resist.
* * * LOW HITPOINT WARNING * * *
You focus on the pain.
You feel your power returning.
The orb of fire is engulfed in freezing vapours.
The orb of fire glows yellow.
The fireball explodes!
The fireball engulfs you!!! You resist.
You die...

#'# #.# #'# { { {
#.# #'#
################'#
.))..[.........☼.#
..).).........°.*#
'##############)@#
....#[['...'[[#°.#
))..#[[#...#[[#..#
[#######)..####..#
)...#)........#..#
))..)..)[.....#..#
....#...[.....#..#
)####)##'###'##..#
##..#.#.[#[.[.#..#


You could see an orb of fire.

Vanquished Creatures
  Saint Roka (D)
  A titan (D)
  A shadow dragon (D)
  Donald (D)
  An emperor scorpion (D)
  2 orc warlords (D)
  A stone giant (D)
  Nessos (D)
  A green draconian (D)
  Azrael (D)
  A green death (D)
  A fire dragon (D)
  A yaktaur captain (D)
  A great orb of eyes (D)
  A rakshasa (D)
  A hydra (D)
  A catoblepas (D)
  2 vault guards (D)
  An anaconda (D)
  Erica (D)
  A two-headed ogre (D)
  2 naga warriors (D)
  2 vampire magi (D)
  6 deep elf knights (D)
  A spriggan (D)
  A sun demon (D)
  A flayed ghost (D)
  A death drake (shapeshifter) (D)
  3 shadow wraiths (D)
  A phantasmal warrior (D)
  10 orc knights (D)
  2 wolf spiders (D)
  A deep elf zephyrmancer (D)
  A manticore (D)
  A black mamba (D)
  A rust devil (D)
  An eye of devastation (D)
  Psyche (D)
  A kobold demonologist (D)
  A cane toad (shapeshifter) (D)
  A komodo dragon (D)
  A rime drake (shapeshifter) (D)
  2 yaktaurs (D)
  An unseen horror (D)
  An ice devil (D)
  4 freezing wraiths (D)
  A rime drake (D)
  2 efreet (D)
  A wandering mushroom (D)
  A red devil (D)
  A tarantella (D)
  A hornet (D)
  A snapping turtle (D)
  A jumping spider (D)
  A wraith (D)
  A culicivora (D)
  A shadow (D)
  A ynoxinul (D)
  A water elemental (D)
  A neqoxec (D)
  3 fire elementals (D)
  A yak (shapeshifter) (D)
  A steam dragon (D)
  3 redbacks (D)
  A basilisk (D)
  Menkaure (D)
  A small abomination (D)
  2 hell hounds (D)
  2 floating eyes (D)
  4 orc warriors (D)
  A sky beast (D)
  2 ogres (D)
  A wolf (D)
  A centaur (D)
  2 kobold brigands (D)
  A gnoll sergeant (D)
  An earth elemental (D)
  A necrophage (D)
  A scorpion (D)
  11 killer bees (D)
  An orc priest (D)
  A jelly (D)
  Ijyb (D)
  A hell rat (D)
  An iguana (D)
  4 orc wizards (D)
  3 gnolls (D)
  12 orcs (D)
  2 ball pythons (D)
  2 giant cockroaches (D)
  A quokka (D)
  A ball python simulacrum (D)
  A ball python zombie (D)
  2 frilled lizards (D)
  A giant cockroach simulacrum (D)
  A quokka skeleton (D)
  2 quokka zombies (D)
  3 rats (D)
167 creatures vanquished.

Notes
Turn   | Place    | Note
-------+----------+-------------------------------------------
     0 | D        | Groucho the Demonspawn Fighter began the quest for the Orb.
     0 | D        | Reached XP level 1. HP: 18/18 MP: 1/1
    38 | D        | Found a bloodstained altar of Trog.
    38 | D        | Found a shimmering blue altar of Sif Muna.
    38 | D        | Found a viscous altar of Jiyva.
    38 | D        | Found a hazy altar of Hepliaklqana.
    38 | D        | Found an opulent altar of Gozag.
    39 | D        | Found a basalt altar of Yredelemnul.
    39 | D        | Found a shimmering altar of Xom.
    39 | D        | Found an ornate altar of the Wu Jian Council.
    39 | D        | Found a sacrificial altar of Ru.
    39 | D        | Found a stormy altar of Qazlal.
    39 | D        | Found an iron altar of Okawaru.
    39 | D        | Found a sparkling altar of Nemelex Xobeh.
    39 | D        | Found a burning altar of Makhleb.
    39 | D        | Found a blossoming altar of Fedhas.
    39 | D        | Found a shadowy altar of Dithmenos.
    39 | D        | Found a snail-covered altar of Cheibriados.
    41 | D        | Found a radiant altar of Vehumet.
    41 | D        | Found a corrupted altar of Lugonu.
    42 | D        | Found a hide-covered altar of Uskayaw.
    42 | D        | Found an ancient bone altar of Kikubaaqudgha.
    42 | D        | Found a broken altar of Ashenzari.
    45 | D        | Became a worshipper of Ru the Awakened
    47 | D        | Fell from the grace of Ru
    47 | D        | Became a worshipper of Qazlal Stormbringer
    62 | D        | Reached skill level 1 in Invocations
    68 | D        | Reached * piety under Qazlal
    70 | D        | Noticed a scorpion
    84 | D        | Killed a scorpion
    85 | D        | Reached skill level 4 in Invocations
    85 | D        | Discovered your monstrous ancestry.
    85 | D        | Gained mutation: You have a pair of small antennae on your
                  | head. [demonic ancestry]
    85 | D        | Reached XP level 2. HP: 6/26 MP: 3/5
    85 | D        | Reached XP level 3. HP: 7/31 MP: 3/6
   446 | D        | Reached ** piety under Qazlal
   533 | D        | Noticed a necrophage
   533 | D        | Noticed an ogre
   549 | D        | Reached *** piety under Qazlal
   550 | D        | Gained mutation: You have sharp fingernails. [demonic
                  | ancestry]
   550 | D        | Reached XP level 4. HP: 38/38 MP: 3/7
   559 | D        | Reached skill level 5 in Fighting
   562 | D        | Reached skill level 5 in Invocations
   595 | D        | Killed a necrophage
   595 | D        | Reached **** piety under Qazlal
   596 | D        | Reached skill level 5 in Armour
   596 | D        | Reached skill level 5 in Shields
   596 | D        | Reached skill level 6 in Invocations
   596 | D        | Gained mutation: You sometimes gain a little power by
                  | taking damage. [demonic ancestry]
   596 | D        | Reached XP level 5. HP: 37/46 MP: 6/9
   599 | D        | Killed an ogre
   600 | D        | Reached skill level 5 in Axes
   600 | D        | Reached skill level 7 in Invocations
   600 | D        | Reached XP level 6. HP: 42/53 MP: 4/11
   942 | D        | Noticed a black mamba
   947 | D        | Killed a black mamba
   948 | D        | Reached skill level 8 in Invocations
   948 | D        | Reached XP level 7. HP: 40/60 MP: 11/13
  1118 | D        | Noticed Ijyb
  1120 | D        | Reached skill level 9 in Invocations
  1122 | D        | Killed Ijyb
  1393 | D        | Noticed a ynoxinul
  1394 | D        | Noticed a phantasmal warrior
  1401 | D        | Killed a phantasmal warrior
  1402 | D        | Reached skill level 10 in Invocations
  1402 | D        | Reached XP level 8. HP: 37/69 MP: 3/15
  1761 | D        | Got the +2 war axe of Ignis's Supremacy {vamp, rN+ Will+
                  | Str+3}
  1890 | D        | Reached ***** piety under Qazlal
  1891 | D        | Reached skill level 11 in Invocations
  1893 | D        | Noticed a freezing wraith
  1900 | D        | Reached skill level 1 in Dodging
  1902 | D        | Noticed Psyche
  1902 | D        | Noticed a snapping turtle
  1904 | D        | Killed Psyche
  1905 | D        | Gained mutation: Your demonic aura sometimes causes spilled
                  | blood to erupt in flames. [demonic ancestry]
  1905 | D        | Reached XP level 9. HP: 23/78 MP: 10/17
  1906 | D        | Killed a freezing wraith
  1907 | D        | Reached skill level 10 in Fighting
  1907 | D        | Reached skill level 12 in Invocations
  2301 | D        | Killed a shadow wraith
  2661 | D        | Noticed a kobold demonologist
  2661 | D        | Noticed a manticore
  2663 | D        | Killed a kobold demonologist
  2663 | D        | Killed a manticore
  2664 | D        | Reached skill level 10 in Armour
  2664 | D        | Reached skill level 13 in Invocations
  3000 | D        | Noticed a freezing wraith
  3000 | D        | Noticed Erica
  3002 | D        | Killed Erica
  3002 | D        | Killed a freezing wraith
  3003 | D        | Reached skill level 10 in Axes
  3003 | D        | Reached skill level 14 in Invocations
  3003 | D        | Gained mutation: You have a pair of antennae on your head.
                  | [demonic ancestry]
  3003 | D        | Reached XP level 10. HP: 88/88 MP: 13/20
  3345 | D        | Reached ****** piety under Qazlal
  3661 | D        | Noticed an eight-headed hydra
  3664 | D        | Killed an eight-headed hydra
  3665 | D        | Reached skill level 5 in Dodging
  4011 | D        | Noticed an eye of devastation
  4012 | D        | Noticed Saint Roka
  4013 | D        | Killed an eye of devastation
  4014 | D        | Reached skill level 15 in Invocations
  4017 | D        | Killed Saint Roka
  4018 | D        | Reached skill level 10 in Shields
  4018 | D        | Reached skill level 16 in Invocations
  4018 | D        | Gained mutation: You have a small tail. [demonic ancestry]
  4018 | D        | Reached XP level 11. HP: 38/97 MP: 7/23
  4343 | D        | Noticed Menkaure
  4345 | D        | Killed Menkaure
  4347 | D        | Killed a shadow wraith
  4723 | D        | Got the Almanac of the Shocking Deep Freeze
  4727 | D        | Got the +9 demon blade "Idog" {vamp, rElec rPois Int-5
                  | Stlth+}
  5232 | D        | Noticed Nessos
  5241 | D        | Killed Nessos
  5243 | D        | Reached skill level 17 in Invocations
  5755 | D        | Killed a shadow wraith
  6007 | D        | Noticed a deep elf knight
  6010 | D        | Killed a deep elf knight
  6030 | D        | Noticed a sun demon
  6032 | D        | Noticed a spriggan rider
  6036 | D        | Killed a spriggan rider
  6044 | D        | Killed a sun demon
  6449 | D        | Noticed a great orb of eyes
  6449 | D        | Noticed an orc knight
  6449 | D        | Noticed an orc knight
  6449 | D        | Noticed an orc knight
  6449 | D        | Noticed an orc knight
  6449 | D        | Noticed an orc knight
  6449 | D        | Noticed an orc knight
  6450 | D        | Noticed an orc warlord
  6450 | D        | Noticed a green death
  6450 | D        | Noticed an orc warlord
  6450 | D        | Noticed an orc knight
  6451 | D        | Killed an orc knight
  6451 | D        | Killed an orc knight
  6451 | D        | Killed an orc knight
  6451 | D        | Killed an orc knight
  6451 | D        | Noticed an orc knight
  6452 | D        | Reached skill level 18 in Invocations
  6452 | D        | Reached XP level 12. HP: 102/108 MP: 15/25
  6452 | D        | Killed an orc warlord
  6452 | D        | Killed an orc warlord
  6453 | D        | Reached skill level 15 in Fighting
  6457 | D        | Killed a green death
  6458 | D        | Noticed a yaktaur captain
  6460 | D        | Killed a great orb of eyes
  6461 | D        | Reached skill level 19 in Invocations
  6466 | D        | Noticed a naga warrior
  6469 | D        | Killed a yaktaur captain
  6469 | D        | Killed a naga warrior
  6492 | D        | Noticed Azrael
  6493 | D        | Noticed a shadow dragon
  6500 | D        | Killed Azrael
  6504 | D        | Killed a shadow dragon
  6562 | D        | Found the +5 glaive of the Guard {elec, spectral, AC+5}
  6600 | D        | Noticed a vault guard
  6602 | D        | Noticed a naga warrior
  6603 | D        | Noticed a green draconian
  6605 | D        | Reached skill level 20 in Invocations
  6605 | D        | Gained mutation: You have very sharp fingernails. [demonic
                  | ancestry]
  6605 | D        | Reached XP level 13. HP: 109/117 MP: 19/27
  6611 | D        | Reached skill level 15 in Armour
  6624 | D        | Killed a green draconian
  6625 | D        | Reached skill level 15 in Axes
  6868 | D        | Found the +3 pair of mountain boots {steadfast, rC+}
  7126 | D        | Noticed a stone giant
  7126 | D        | Noticed a fire dragon
  7126 | D        | Noticed Donald
  7129 | D        | Killed Donald
  7130 | D        | Killed a fire dragon
  7132 | D        | Killed a stone giant
  7133 | D        | Reached skill level 21 in Invocations
  7575 | D        | Reached skill level 10 in Dodging
  7575 | D        | Noticed an emperor scorpion
  7579 | D        | Killed an emperor scorpion
  7593 | D        | Gained mutation: You sometimes lose your temper in combat.
                  | [a neqoxec]
  7594 | D        | Reached skill level 22 in Invocations
  8013 | D        | Noticed a titan
  8027 | D        | Killed a titan
  8169 | D        | Lost mutation: You sometimes lose your temper in combat.
                  | [potion of mutation]
  8169 | D        | Gained mutation: You are frail. (-10% HP) [potion of
                  | mutation]
  8169 | D        | Gained mutation: Your body sometimes deteriorates upon
                  | taking damage. [potion of mutation]
  8169 | D        | Gained mutation: Your spells are a little easier to cast,
                  | but a little less powerful. [potion of mutation]
  8169 | D        | Gained mutation: You passively dampen the noise of your
                  | surroundings. [potion of mutation]
  8170 | D        | Lost mutation: Your body sometimes deteriorates upon taking
                  | damage. [potion of mutation]
  8170 | D        | Lost mutation: Your spells are a little easier to cast, but
                  | a little less powerful. [potion of mutation]
  8170 | D        | Gained mutation: You are partially covered in iridescent
                  | scales. (AC +2) [potion of mutation]
  8170 | D        | Gained mutation: Your magical capacity is low. (-10% MP)
                  | [potion of mutation]
  8170 | D        | Gained mutation: Your system is resistant to poisons.
                  | (rPois) [potion of mutation]
  8176 | D        | Noticed an orb of fire
  8176 | D        | Gained mutation: You are vulnerable to heat. (rF-) [an orb
                  | of fire]
  8182 | D        | HP: 3/109 [orb of fire/fireball (50)]
  8188 | D        | Gained mutation: Armour fits poorly on your strangely
                  | shaped body. [an orb of fire]
  8192 | D        | Lost mutation: You passively dampen the noise of your
                  | surroundings. [an orb of fire]
  8196 | D        | Gained mutation: You have hidden genetic defects. [an orb
                  | of fire]
  8196 | D        | HP: 4/109 [orb of fire/bolt of fire (20)]
  8197 | D        | Gained mutation: You sometimes lose your temper in combat.
                  | [an orb of fire]
  8198 | D        | Killed from afar by an orb of fire

Illustrated notes

Levels and vault maps discovered:
D:        pitsprint [storerooms_1, entrance_room_1, metal_vault_5, armoury_2,
          mini_pit_1, grid_room_1, main_hall_1, silver_pit, the_coven_3,
          the_vestibule_1, steel_vault_5, golden_pit, hallway_of_sentries,
          crystal_vault_5, iron_vault_3, final_vault]

Skill      XL: |  1  2  3  4  5  6  7  8  9 10 11 12 13 |
---------------+----------------------------------------+-----
Axes           | 3 4 5 6 7 8 10 11 13 14 16 | 16.3
Invocations    | 4 6 7 8 10 11 14 16 18 20 22 | 22.2
Armour         | 4 5 6 8 10 11 13 14 16 | 16.4
Fighting       | 4 5 6 7 8 9 11 12 14 16 17 | 17.8
Shields        | 4 5 6 8 9 10 11 12 13 | 13.1
Dodging        | 2 4 6 7 8 10 | 10.4

Action                     |  1- 3 |  4- 6 |  7- 9 | 10-12 | 13-15 || total
---------------------------+-------+-------+-------+-------+-------++-------
  Melee: Hand axe          |    25 |    35 |     5 |       |       ||    65
         War axe           |     2 |       |    42 |    71 |    95 ||   210
         Tailslap          |       |       |       |    16 |    21 ||    37
 Invoke: Upheaval          |     1 |     2 |    19 |    33 |    18 ||    73
         Disaster Area     |       |       |       |     5 |       ||     5
    Use: Potion            |     1 |       |     2 |     2 |     8 ||    13
         Scroll            |       |       |       |       |     1 ||     1
 Armour: Scale mail        |    10 |       |       |       |       ||    10
         Chain mail        |     1 |    16 |     9 |       |       ||    26
         Plate armour      |       |       |    20 |    24 |     7 ||    51
         Shadow dragon sca |       |       |       |       |    17 ||    17
  Dodge: Dodged            |     8 |     6 |    20 |    44 |    24 ||   102
         Repelled          |       |       |       |     2 |     1 ||     3
  Block: Buckler           |     7 |    25 |    32 |    60 |     7 ||   131
         Tower shield      |       |       |       |       |    77 ||    77
